 Dungeon Crawl Stone Soup version 0.29.1-1-gd02db6906a (webtiles) character file.

Game seed: 1688825732391459255

97 raistware the Conjurer (level 4, -12/27 HPs)
             Began as an Octopode Conjurer on Sept 16, 2022.
             Killed by an exploding quokka (17 damage)
             ... ignited by their inner flame
             ... on level 2 of the Dungeon.
             The game lasted 00:05:19 (3173 turns).

raistware the Conjurer (Octopode Conjurer)          Turns: 3173, Time: 00:05:20

Health: -12/27     AC:  1    Str:  6    XL:     4   Next: 68%
Magic:  9/9        EV: 14    Int: 22    God:
Gold:   200        SH:  0    Dex: 16    Spells: 5/10 levels left

rFire   . . .      SeeInvis .   (no weapon)
rCold   . . .      Faith    .   (no shield)
rNeg    . . .      Spirit   .   (helmet restricted)
rPois   .          Reflect  .   e - amulet of the acrobat
rElec   .          Harm     .   d - +6 ring of dexterity
rCorr   .          Rampage  .   (no ring)
Will    .....                   (no ring)
Stlth   +++.......              (no ring)
HPRegen 0.09/turn               (no ring)
MPRegen 0.11/turn               (no ring)
                                (no ring)
                                (no ring)

@: brilliant, weak-willed
A: almost no armour, amphibious, 8 rings, camouflage 1, gelatinous body 1,
(nimble swimmer 1), tentacles
a: no special abilities


You were on level 2 of the Dungeon.
You visited 1 branch of the dungeon, and saw 3 of its levels.

You collected 200 gold pieces.

Inventory:

Missiles
 i - a poisoned dart
Jewellery
 d - a +6 ring of dexterity (left tentacle)
 e - an amulet of the acrobat (around mantle)
Scrolls
 b - a scroll of vulnerability
 c - 2 scrolls of amnesia
 h - a scroll of teleportation {unknown}
 k - a scroll of brand weapon
 l - a scroll of blinking {unknown}
 m - a scroll of identify


   Skills:
 + Level 2.7 Dodging
 - Level 3.0 Stealth
 * Level 3.6 Spellcasting
 * Level 4.2 Conjurations
 * Level 0.4 Translocations


You had 5 spell levels left.
You knew the following spells:

 Your Spells              Type           Power      Damage    Failure   Level
a - Magic Dart            Conj           100%       1d8       1%          1
b - Iskenderun's Mystic   Conj/Tloc      21%        2d6       41%         4

Your spell library contained the following spells:

 Spells                   Type           Power      Damage    Failure   Level
 Searing Ray              Conj           68%        2d6       3%          2
 Sting                    Tmut/Pois      20%        1d4       12%         1
 Dazzling Flash           Conj/Hex       40%        N/A       14%         3
 Portal Projectile        Hex/Tloc       14%        N/A       32%         3
 Call Canine Familiar     Summ           5%         N/A       34%         3
 Fulminant Prism          Conj/Hex       10%        3d9       43%         4
 Iskenderun's Battlesphe  Conj           34%        2d9       50%         5
 Leda's Liquefaction      Hex/Erth       2%         N/A       75%         4
 Iron Shot                Conj/Erth      10%        9d3       100%        6
 Spellforged Servitor     Conj/Summ      10%        N/A       100%        7


Dungeon Overview and Level Annotations

Branches:
Dungeon (3/15)

Altars:
Elyvilon
Fedhas
Gozag
Kikubaaqudgha
Makhleb
Nemelex Xobeh

Annotations:
D:2 Sigmund


Innate Abilities, Weirdness & Mutations

You cannot wear most types of armour.
You are amphibious.
You can wear up to eight rings at the same time.
Your skin changes colour to match your surroundings (Stealth+).
Your rubbery body absorbs attacks. (AC +1, EV +1)
((You are camouflaged when in or above water. (Stealth+)))
You have tentacles for arms and can constrict up to eight enemies at once.


Message History

You feel a surge of power!
You erupt in a blast of force!
The mystic blast hits something.
The mystic blast hits the endoplasm!
You kill the endoplasm!
The mystic blast hits the orc priest.
The orc priest is moderately wounded.
You lose your grip on the orc priest.
The orc priest is knocked back by the mystic blast.
Unknown command.
As you read the scroll labelled SOMIRA CIECS, it crumbles to dust.
Wisps of shadow whirl around you...
It was a scroll of summoning.
Something hits you!
The orc priest closely misses your quokka.
As you read the scroll labelled FASMOL VIB DIVUA, it crumbles to dust.
It is a scroll of identify.
k - a scroll of brand weapon Your quokka completely misses the orc.
As you read the scroll labelled HIS HENGOAHINI, it crumbles to dust.
The creatures around you are filled with an inner flame!
It was a scroll of immolation.
Something hits you!
* * * LOW HITPOINT WARNING * * *
Your quokka closely misses the orc.
Okay, then.
Magic courses through your body.
An orc comes into view. It is wielding a +0 club.
The orc closely misses your quokka.
Your quokka barely misses the orc.
Something completely misses you.
You aren't carrying any potions.
Unknown command.
As you read the scroll labelled BAULIC EBLOTAH, it crumbles to dust.
You hear a loud clanging noise!
It was a scroll of noise.
Your quokka bites the orc.
Flame seeps out of the orc.
The orc is engulfed in blazing flames.
The orc explodes!
The fiery explosion engulfs the orc priest!!
The fiery explosion engulfs your quokka!!
Your quokka's corpse dissolves into shadows!
Your quokka explodes!
The fiery explosion engulfs you!
Ouch! That really hurt!
You die...

...##.########## ##
######.#### #.....# .. @.
#.....######## ##. ##.
##.#.........# #o. #.
...###.......#.#o. #. ####
#.......#.#§# #.
#.......#.#○#
######.......#.#§#
....##.......#.#@#
....##.......#.#g#
....##.......#.#{#
..>.##.........#.###########(
....##...........#......$...(
....##########...#.#########.
....# #...#.# ....# #.....#
....####### #.#...#


You could see 2 orcs and a friendly goblin (summoned, inner flame).

Vanquished Creatures
  An orc priest (D:2)
  5 adders
  A worm (D:3)
  3 dart slugs
  An orc (D:2)
  3 ball pythons
  9 endoplasms
  2 giant cockroaches
  4 goblins
  A hobgoblin (D:1)
  2 kobolds (D:2)
  A bat (D:1)
  7 frilled lizards
  7 rats
47 creatures vanquished.

Vanquished Creatures (others)
  A plant (D:1)
1 creature vanquished.

Grand Total: 48 creatures vanquished

Notes
Turn   | Place    | Note
-------+----------+-------------------------------------------
     0 | D:1      | raistware the Octopode Conjurer began the quest for the
                  | Orb.
     0 | D:1      | Reached XP level 1. HP: 11/11 MP: 3/3
   193 | D:1      | Found a faded altar of an unknown god.
   197 | D:1      | Got Plato's Grimoire of the Black Widow
   419 | D:1      | Reached XP level 2. HP: 17/17 MP: 3/5
  1204 | D:2      | Reached XP level 3. HP: 21/21 MP: 5/7
  1273 | D:2      | Noticed Sigmund
  1428 | D:3      | Found a blossoming altar of Fedhas.
  1921 | D:3      | Reached XP level 4. HP: 27/27 MP: 7/9
  2185 | D:3      | Found a white marble altar of Elyvilon.
  2188 | D:3      | Found an ancient bone altar of Kikubaaqudgha.
  2416 | D:3      | Found an opulent altar of Gozag.
  2419 | D:3      | Found a burning altar of Makhleb.
  2421 | D:3      | Found a sparkling altar of Nemelex Xobeh.
  2531 | D:2      | Learned a level 4 spell: Iskenderun's Mystic Blast
  3173 | D:2      | Killed by an exploding quokka... ignited by their inner
                  | flame

Illustrated notes

Levels and vault maps discovered:
D:1:      psy_arrival_conway, layout_basic, shapermc_ecumenical_altar_rom_forum
D:2:      layout_basic, minmay_fractal_squares_gapless_5, uniq_sigmund
D:3:      layout_loops_ring, mainiacjoe_overflow_tiny_flanked,
          nicolae_overflow_hidden_temple

Skill      XL: |  1  2  3 |
---------------+----------+-----
Stealth        | 3 |  3.0
Spellcasting   | 3 |  3.6
Dodging        | |  2.7
Conjurations   | |  4.2
Translocations | |  0.4

Action                   |  1- 3 |  4- 6 || total
-------------------------+-------+-------++-------
Melee: Unarmed           |       |     2 ||     2
       Constrict         |       |     1 ||     1
Throw: Dart              |       |     3 ||     3
 Cast: Magic Dart        |    59 |    30 ||    89
       Iskenderun's Myst |       |     2 ||     2
  Use: Scroll            |       |     6 ||     6
       Potion            |       |     3 ||     3
Dodge: Dodged            |     3 |     8 ||    11
